MWL (24 & UNDER)
MINNESOTA DEATH STARS @ BARRY'S BAY ORIOLES
04/26/2030
 
TOP OF THE 1ST
Minnesota Death Stars batting - Pitching for Barry's Bay Orioles : RHP Salvador Delgado
Pitching: RHP Salvador Delgado
Batting: RHB Lou Hammond 0-0: Called Strike
0-1: Fly out, F6 (Line Drive, 6M)
Batting: RHB Manuel Cintrón 0-0: Swinging Strike
0-1: Ball
1-1: Ball
2-1: Foul Ball, location: 2F
2-2: Ground out 3-1 (Groundball, 2R)
Batting: LHB Larry Wright 0-0: Called Strike
0-1: Swinging Strike
0-2: Strikes out looking
Top of the 1st over - 0 runs, 0 hits, 0 errors, 0 left on base; Minnesota 0 - Barry's Bay 0
BOTTOM OF THE 1ST
Barry's Bay Orioles batting - Pitching for Minnesota Death Stars : LHP José Sánchez
Pitching: LHP José Sánchez
Batting: RHB Ronnie Starr 0-0: Fly out, F8 (Flyball, 8RD)
Batting: LHB Vito Ramírez 0-0: Called Strike
0-1: Foul Ball, location: 2F
0-2: Ball
1-2: Strikes out swinging
Batting: RHB Marcos Pérez 0-0: Ball
1-0: Foul Ball, location: 2F
1-1: Called Strike
1-2: Ball
2-2: Ball
3-2: Foul Ball, location: 2F
3-2: Foul Ball, location: 2F
3-2: Strikes out looking
Bottom of the 1st over - 0 runs, 0 hits, 0 errors, 0 left on base; Minnesota 0 - Barry's Bay 0
TOP OF THE 2ND
Minnesota Death Stars batting - Pitching for Barry's Bay Orioles : RHP Salvador Delgado
Batting: LHB Chris Henry 0-0: Ball
1-0: Ball
2-0: Foul Ball, location: 2F
2-1: Swinging Strike
2-2: Ball
3-2: Base on Balls
Batting: RHB Sidney Smith 0-0: Ball
1-0: Called Strike
1-1: DOUBLE (Line Drive, 78M)
Chris Henry to third
Batting: LHB Jamie Walker 0-0: Called Strike
0-1: Ball
1-1: Swinging Strike
1-2: Ball
2-2: Ball
3-2: Base on Balls
Batting: RHB Ernesto Quintero 0-0: Ball
1-0: SINGLE (Flyball, 7LS)
Chris Henry scores
Sidney Smith to third
Jamie Walker to second
Runner from 3rd tries for Home, SAFE, no throw
Batting: LHB Doyle Price 0-0: Ball
1-0: Called Strike
1-1: Swinging Strike
1-2: Strikes out swinging
Batting: RHB Danny Scott 0-0: Fielders Choice at 2nd, 5-4 (Groundball, 56)
Jamie Walker to third
Batting: RHB Lou Hammond 0-0: Ball
Danny Scott steals 2nd base
1-0: Ball
2-0: Ball
3-0: Base on Balls
Batting: RHB Manuel Cintrón 0-0: Ground out 1-3 (Groundball, P)
Top of the 2nd over - 2 runs, 2 hits, 0 errors, 3 left on base; Minnesota 2 - Barry's Bay 0
BOTTOM OF THE 2ND
Barry's Bay Orioles batting - Pitching for Minnesota Death Stars : LHP José Sánchez
Batting: LHB Nicholas Morgan 0-0: Ball
1-0: Foul Ball, location: 2F
1-1: Called Strike
1-2: Ball
2-2: Foul Ball, location: 2F
2-2: Ball
3-2: Strikes out swinging
Batting: RHB Ernesto Rodríguez 0-0: Called Strike
0-1: Fly out, F8 (Flyball, 78D)
Batting: LHB Javier Soto 0-0: Ground out U3 (Groundball, 3)
Bottom of the 2nd over - 0 runs, 0 hits, 0 errors, 0 left on base; Minnesota 2 - Barry's Bay 0
TOP OF THE 3RD
Minnesota Death Stars batting - Pitching for Barry's Bay Orioles : RHP Salvador Delgado
Batting: LHB Larry Wright 0-0: Called Strike
0-1: Called Strike
0-2: Ball
1-2: Foul Ball, location: 2F
1-2: Hit by Pitch
Batting: LHB Chris Henry 0-0: Ball
1-0: Fielders Choice at 2nd, 4-6 (Groundball, 4D)
Batting: RHB Sidney Smith 0-0: Ball
1-0: Swinging Strike
1-1: DOUBLE (Groundball, 5L)
Chris Henry to third
Runner from 3rd tries for Home, SAFE, no throw
Batting: LHB Jamie Walker 0-0: Ball
1-0: Called Strike
1-1: Fly out, F8 (Flyball, 8RD)
Batting: RHB Ernesto Quintero 0-0: Foul Ball, location: 2F
0-1: Swinging Strike
0-2: Ball
1-2: Strikes out swinging
Top of the 3rd over - 1 run, 1 hit, 0 errors, 1 left on base; Minnesota 3 - Barry's Bay 0
BOTTOM OF THE 3RD
Barry's Bay Orioles batting - Pitching for Minnesota Death Stars : LHP José Sánchez
Batting: LHB Pancho Hernández 0-0: Swinging Strike
0-1: Ball
1-1: Swinging Strike
1-2: Foul Ball, location: 2F
1-2: Strikes out looking
Batting: LHB Dave Sanders 0-0: Called Strike
0-1: Called Strike
0-2: Ball
1-2: Fly out, F7 (Flyball, 7LMF)
Batting: SHB Dan Morse 0-0: Foul Ball, location: 2F
0-1: Ground out 6-3 (Groundball, 6)
Bottom of the 3rd over - 0 runs, 0 hits, 0 errors, 0 left on base; Minnesota 3 - Barry's Bay 0
TOP OF THE 4TH
Minnesota Death Stars batting - Pitching for Barry's Bay Orioles : RHP Salvador Delgado
Batting: LHB Doyle Price 0-0: Ground out 4-3 (Groundball, 4)
Batting: RHB Danny Scott 0-0: Ground out 5-3 (Groundball, 56S)
Batting: RHB Lou Hammond 0-0: Foul Ball, location: 2F
0-1: Foul Ball, location: 2F
0-2: Ball
1-2: Ball
2-2: Fly out, F6 (Popup, 6MS)
Top of the 4th over - 0 runs, 0 hits, 0 errors, 0 left on base; Minnesota 3 - Barry's Bay 0
BOTTOM OF THE 4TH
Barry's Bay Orioles batting - Pitching for Minnesota Death Stars : LHP José Sánchez
Batting: RHB Ronnie Starr 0-0: Ball
1-0: Ball
2-0: Foul Ball, location: 2F
2-1: Ball
3-1: Foul Ball, location: 2F
3-2: Strikes out looking
Batting: LHB Vito Ramírez 0-0: Called Strike
0-1: Ball
1-1: Swinging Strike
1-2: Foul Ball, location: 2F
1-2: Strikes out swinging
Batting: RHB Marcos Pérez 0-0: Called Strike
0-1: Ball
1-1: Ball
2-1: Foul Ball, location: 2F
2-2: Strikes out swinging
Bottom of the 4th over - 0 runs, 0 hits, 0 errors, 0 left on base; Minnesota 3 - Barry's Bay 0
TOP OF THE 5TH
Minnesota Death Stars batting - Pitching for Barry's Bay Orioles : RHP Salvador Delgado
Batting: RHB Manuel Cintrón 0-0: Ball
1-0: Ball
2-0: Called Strike
2-1: Ground out 6-3 (Groundball, 6S)
Batting: LHB Larry Wright 0-0: Ball
1-0: Foul Ball, location: 2F
1-1: Foul Ball, location: 2F
1-2: Foul Ball, location: 2F
1-2: SINGLE (Line Drive, 8RS)
Pitching: RHP Gianfranco Confalonieri
Batting: LHB Chris Henry 0-0: Called Strike
0-1: Ground out 3-1 (Groundball, 34S)
Larry Wright to second
Batting: RHB Sidney Smith 0-0: Called Strike
0-1: Ball
1-1: Foul Ball, location: 2F
1-2: TRIPLE (Line Drive, 9LD)
Larry Wright scores
Batting: LHB Jamie Walker 0-0: Ball
1-0: Ball
2-0: Ball
3-0: Called Strike
3-1: Ground out 4-3 (Groundball, 4)
Top of the 5th over - 1 run, 2 hits, 0 errors, 1 left on base; Minnesota 4 - Barry's Bay 0
BOTTOM OF THE 5TH
Barry's Bay Orioles batting - Pitching for Minnesota Death Stars : LHP José Sánchez
Batting: LHB Nicholas Morgan 0-0: Foul Ball, location: 2F
0-1: SINGLE (Line Drive, 4D)
Batting: RHB Ernesto Rodríguez 0-0: Ball
1-0: Ball
2-0: Called Strike
2-1: Swinging Strike
2-2: Ball
3-2: Strikes out swinging
Batting: LHB Javier Soto 0-0: Called Strike
0-1: Ball
1-1: Called Strike
1-2: Strikes out swinging
Batting: LHB Pancho Hernández 0-0: Ball
1-0: Swinging Strike
1-1: Ball
2-1: Foul Ball, location: 2F
2-2: Foul Ball, location: 2F
2-2: Strikes out swinging
Bottom of the 5th over - 0 runs, 1 hit, 0 errors, 1 left on base; Minnesota 4 - Barry's Bay 0
TOP OF THE 6TH
Minnesota Death Stars batting - Pitching for Barry's Bay Orioles : RHP Gianfranco Confalonieri
Batting: RHB Ernesto Quintero 0-0: Ball
1-0: Ball
2-0: Ball
3-0: Base on Balls
Batting: LHB Doyle Price 0-0: Called Strike
0-1: Called Strike
0-2: Strikes out looking
Batting: RHB Danny Scott 0-0: Called Strike
0-1: Ball
1-1: Ball
2-1: Grounds into double play, 6-4-3 (Groundball, 6)
Top of the 6th over - 0 runs, 0 hits, 0 errors, 0 left on base; Minnesota 4 - Barry's Bay 0
BOTTOM OF THE 6TH
Barry's Bay Orioles batting - Pitching for Minnesota Death Stars : LHP José Sánchez
Batting: LHB Dave Sanders 0-0: Called Strike
0-1: Called Strike
0-2: Ball
1-2: Strikes out looking
Batting: SHB Dan Morse 0-0: Ball
1-0: Swinging Strike
1-1: Fly out, F5 (Popup, 15)
Batting: RHB Ronnie Starr 0-0: SINGLE (Groundball, 4MD)
Batting: LHB Vito Ramírez 0-0: Ball
1-0: Foul Ball, location: 2F
1-1: Foul Ball, location: 2F
1-2: Ground out U3 (Groundball, 34S)
Bottom of the 6th over - 0 runs, 1 hit, 0 errors, 1 left on base; Minnesota 4 - Barry's Bay 0
TOP OF THE 7TH
Minnesota Death Stars batting - Pitching for Barry's Bay Orioles : RHP Gianfranco Confalonieri
Batting: RHB Lou Hammond 0-0: Ball
1-0: Called Strike
1-1: Called Strike
1-2: Ball
2-2: Ball
3-2: Base on Balls
Batting: RHB Manuel Cintrón 0-0: Called Strike
0-1: Swinging Strike
0-2: Foul Ball, location: 2F
0-2: Ball
1-2: Strikes out swinging
Batting: LHB Larry Wright 0-0: Called Strike
Lou Hammond steals 2nd base
0-1: Foul Ball, location: 2F
0-2: Ball
1-2: SINGLE (Flyball, 9S)
Lou Hammond to third
Runner from 3rd tries for Home, SAFE, no throw
Batting: LHB Chris Henry 0-0: Ball
1-0: Ball
2-0: Ball
3-0: Base on Balls
Larry Wright to second
Batting: RHB Sidney Smith 0-0: Called Strike
0-1: Ball
1-1: Ball
2-1: Called Strike
2-2: Strikes out swinging
Batting: LHB Jamie Walker 0-0: Called Strike
0-1: Foul Ball, location: 2F
0-2: Strikes out looking
Top of the 7th over - 1 run, 1 hit, 0 errors, 2 left on base; Minnesota 5 - Barry's Bay 0
BOTTOM OF THE 7TH
Barry's Bay Orioles batting - Pitching for Minnesota Death Stars : LHP José Sánchez
Batting: RHB Marcos Pérez 0-0: Ball
1-0: Called Strike
1-1: Ground out 4-3 (Groundball, 4M)
Batting: LHB Nicholas Morgan 0-0: Called Strike
0-1: Ground out 4-3 (Groundball, 34D)
Batting: RHB Ernesto Rodríguez 0-0: Ball
1-0: Ball
2-0: Foul Ball, location: 2F
2-1: Ball
3-1: Called Strike
3-2: Fly out, F8 (Flyball, 8LD)
Bottom of the 7th over - 0 runs, 0 hits, 0 errors, 0 left on base; Minnesota 5 - Barry's Bay 0
TOP OF THE 8TH
Minnesota Death Stars batting - Pitching for Barry's Bay Orioles : RHP Gianfranco Confalonieri
Batting: RHB Ernesto Quintero 0-0: Foul Ball, location: 2F
0-1: Fly out, F8 (Line Drive, 78M)
Batting: LHB Doyle Price 0-0: Ball
1-0: Called Strike
1-1: Ball
2-1: Foul Ball, location: 2F
2-2: Ball
3-2: Strikes out swinging
Batting: RHB Danny Scott 0-0: Ball
1-0: Called Strike
1-1: Ball
2-1: Foul Ball, location: 2F
2-2: Ball
3-2: Base on Balls
Pitching: RHP Jorge Cruz
Batting: RHB Lou Hammond 0-0: Ball
1-0: Ball
Danny Scott steals 2nd base
2-0: Ball
3-0: Called Strike
Balk!
Danny Scott to third
3-1: Foul Ball, location: 2F
3-2: Base on Balls
Batting: RHB Manuel Cintrón 0-0: Ball
1-0: Called Strike
1-1: Ball
2-1: Ball
3-1: Base on Balls
Lou Hammond to second
Pitching: LHP Mario García
Batting: LHB Larry Wright 0-0: Ball
1-0: Ball
2-0: Ball
3-0: Called Strike
3-1: Base on Balls
Danny Scott scores
Lou Hammond to third
Manuel Cintrón to second
Batting: LHB Chris Henry 0-0: Called Strike
0-1: Swinging Strike
0-2: Strikes out swinging
Top of the 8th over - 1 run, 0 hits, 0 errors, 3 left on base; Minnesota 6 - Barry's Bay 0
BOTTOM OF THE 8TH
Barry's Bay Orioles batting - Pitching for Minnesota Death Stars : LHP José Sánchez
Batting: LHB Javier Soto 0-0: Called Strike
0-1: Ball
1-1: Called Strike
1-2: Ball
2-2: Foul Ball, location: 2F
2-2: Ball
3-2: Ground out 5-3 (Groundball, 56)
Batting: LHB Pancho Hernández 0-0: Ball
1-0: Called Strike
1-1: Ball
2-1: Foul Ball, location: 2F
2-2: Ball
3-2: Foul Ball, location: 2F
3-2: Strikes out swinging
Batting: LHB Dave Sanders 0-0: Fly out, F9 (Flyball, 9LS)
Bottom of the 8th over - 0 runs, 0 hits, 0 errors, 0 left on base; Minnesota 6 - Barry's Bay 0
TOP OF THE 9TH
Minnesota Death Stars batting - Pitching for Barry's Bay Orioles : LHP Mario García
Pitching: LHP Bernardo Valero
Batting: RHB Sidney Smith 0-0: Called Strike
0-1: Swinging Strike
0-2: Fly out, F7 (Flyball, 78M)
Batting: LHB Jamie Walker 0-0: Ball
1-0: Ball
2-0: Swinging Strike
2-1: Ball
3-1: SINGLE (Line Drive, 9S)
Batting: RHB Ernesto Quintero 0-0: Called Strike
0-1: Ball
1-1: Ball
2-1: Grounds into double play, 6-4-3 (Groundball, 6)
Top of the 9th over - 0 runs, 1 hit, 0 errors, 0 left on base; Minnesota 6 - Barry's Bay 0
BOTTOM OF THE 9TH
Barry's Bay Orioles batting - Pitching for Minnesota Death Stars : LHP José Sánchez
Batting: SHB Dan Morse 0-0: Ball
1-0: Ball
2-0: Ball
3-0: Called Strike
3-1: Hit by Pitch
Batting: RHB Ronnie Starr 0-0: Ball
1-0: Ball
2-0: Ball
3-0: Base on Balls
Dan Morse to second
Pitching: LHP Kurt Brown
Batting: LHB Vito Ramírez 0-0: Ball
1-0: Ball
2-0: SINGLE (Line Drive, 4D)
Dan Morse to third
Ronnie Starr to second
Batting: RHB Marcos Pérez 0-0: Ball
1-0: Called Strike
1-1: Ball
2-1: Foul Ball, location: 2F
2-2: Strikes out swinging
Batting: LHB Nicholas Morgan 0-0: Ball
1-0: SINGLE (Line Drive, 9LS)
Dan Morse scores
Ronnie Starr to third
Vito Ramírez to second
Batting: RHB Ernesto Rodríguez 0-0: Ball
1-0: Called Strike
1-1: Foul Ball, location: 2F
1-2: Foul Ball, location: 2F
1-2: Ball
2-2: Foul Ball, location: 2F
2-2: Strikes out swinging
Batting: LHB Javier Soto 0-0: Called Strike
0-1: Fly out, F8 (Flyball, 89M)
Bottom of the 9th over - 1 run, 2 hits, 0 errors, 3 left on base; Minnesota 6 - Barry's Bay 1
Saturday, April 7th, 2018 - OOTP Baseball 18.8 Build 76